 Dungeon Crawl Stone Soup version 0.23.2-40-g277498a001 (webtiles) character file.

Game seed: 12101495142114156183

151 Gildeon the Caller (level 5, -2/37 HPs)
             Began as a Gnoll Summoner on Oct 16, 2019.
             Was a Believer of Elyvilon.
             Slain by Sigmund
             ... wielding a +0 scythe
              (12 damage)
             ... on level 4 of the Dungeon.
             The game lasted 00:17:54 (3015 turns).

Gildeon the Caller (Gnoll Summoner)                 Turns: 3015, Time: 00:17:55

Health: -2/37      AC:  3    Str: 11    XL:     5   Next: 33%
Magic:  6/12       EV: 15    Int: 18    God:    Elyvilon [**....]
Gold:   193        SH:  0    Dex: 15    Spells: 1/14 levels left

rFire    . . .     SeeInvis .   p - +0 blowgun
rCold    . . .     Gourm    .   (no shield)
rNeg     . . .     Faith    .   a - +0 robe
rPois    .         Spirit   .   i - +0 helmet
rElec    .         Reflect  .   (no cloak)
rCorr    .         Harm     .   (no gloves)
MR       .....                  (no boots)
Stlth    +++.......             (no amulet)
HPRegen  0.12/turn              (no ring)
MPRegen  0.13/turn              (no ring)

@: no status effects
A: distributed training, fangs 1, strong nose
a: Lesser Healing, Heal Other, Divine Protection, Renounce Religion


You were on level 4 of the Dungeon.
You worshipped Elyvilon.
Elyvilon was pleased with you.
You were not hungry.

You visited 1 branch of the dungeon, and saw 4 of its levels.

You collected 193 gold pieces.

Inventory:

Hand Weapons
 k - a +0 spear
 p - a +0 blowgun (weapon)
Missiles
 l - 16 arrows
 s - 22 poisoned needles (quivered)
Armour
 a - a +0 robe (worn)
 i - a +0 helmet (worn)
 q - a +0 leather armour
Jewellery
 o - an uncursed amulet of the gourmand {unknown}
Scrolls
 g - a scroll of fear {unknown}
 j - 2 scrolls of teleportation
 r - a scroll of random uselessness {unknown}
Potions
 b - a potion of cancellation {unknown}
 d - 2 potions of curing
 e - 2 potions of flight
 f - a potion of brilliance {unknown}
 h - 2 potions of haste {unknown}
 m - a potion of invisibility {unknown}
 n - a potion of agility {unknown}
Comestibles
 c - 6 rations


   Skills:
 + Level 1.4 Fighting
 + Level 1.4 Short Blades
 + Level 1.4 Long Blades
 + Level 1.4 Axes
 + Level 1.4 Maces & Flails
 + Level 1.4 Polearms
 + Level 1.4 Staves
 + Level 1.4 Slings
 + Level 1.4 Bows
 + Level 1.4 Crossbows
 + Level 1.4 Throwing
 + Level 1.4 Armour
 + Level 4.7 Dodging
 + Level 4.4 Stealth
 + Level 1.4 Shields
 + Level 1.4 Unarmed Combat
 + Level 5.2 Spellcasting
 + Level 1.1 Conjurations
 + Level 1.1 Hexes
 + Level 1.1 Charms
 + Level 7.2 Summonings
 + Level 1.1 Necromancy
 + Level 1.1 Translocations
 + Level 1.1 Transmutations
 + Level 1.1 Fire Magic
 + Level 1.1 Ice Magic
 + Level 1.1 Air Magic
 + Level 1.1 Earth Magic
 + Level 1.1 Poison Magic
 + Level 1.6 Invocations
 + Level 1.4 Evocations


You had one spell level left.
You knew the following spells:

 Your Spells              Type           Power        Failure   Level  Hunger
a - Summon Small Mammal   Summ           ####         1%          1    None
b - Call Canine Familiar  Summ           ####....     1%          3    ##.....
c - Summon Guardian Gole  Hex/Summ       ###.....     7%          3    ##.....
d - Summon Ice Beast      Ice/Summ       ###.....     24%         4    ####...
e - Call Imp              Summ           ####....     1%          2    #......

Your spell library contained the following spells:

 Spells                   Type           Power        Failure   Level  Hunger
 Summon Lightning Spire   Summ/Air       ###.....     24%         4    ####...


Dungeon Overview and Level Annotations

Branches:
Dungeon (4/15)
 Temple: D:4-7

Altars:
Elyvilon
Gozag
Okawaru

Annotations:
D:4 Sigmund


Innate Abilities, Weirdness & Mutations

Your experience applies equally to all skills.
You have very sharp teeth.
Your uncanny sense of smell can sniff out nearby items.


Message History

Your magical contamination has completely faded away.
Found a scroll labeled WYGATA TOHIPPA.
Your hound barely misses something.
Firing (i - inventory)
s - 24 poisoned needles (quivered)
Press: ? - help, Shift-Dir - straight line, f - you
Okay, then.
Firing (i - inventory)
s - 24 poisoned needles (quivered)
Press: ? - help, Shift-Dir - straight line You shoot a poisoned needle.
Your hound bites something.
Firing (i - inventory)
s - 23 poisoned needles (quivered)
Press: ? - help, Shift-Dir - straight line You shoot a poisoned needle.
A magic dart appears from out of thin air!
The magic dart hits you.
* * * LOW HITPOINT WARNING * * *
Your hound bites something.
Your hound bites something.
Something hits you!
You die...

.................... ..
.................# .#
...$............# ..
....?....h{..#.## #.
#####....###((# #.
.##......####h.# ###<
...........##...# #####..#
#####..)....#...#####......#
#....##@...............#
#.(..###................#
#.(.## #..........>.....#
#.... #...............##.
#....# #.............### .
..... #.............## .
................ #
...................
...##.......####....#


There were no monsters in sight!

Vanquished Creatures
  An adder (D:3)
  A dart slug (D:1)
  A goblin (D:2)
  A hobgoblin (D:1)
  A quokka (D:2)
  2 kobolds
7 creatures vanquished.

Vanquished Creatures (collateral kills)
  An ogre (D:4)
  A bullfrog (D:2)
  3 adders
  A worm (D:2)
  A leopard gecko (D:2)
  3 giant cockroaches
  6 goblins
  6 hobgoblins
  5 kobolds
  A quokka (D:3)
  6 bats
  4 frilled lizards
  9 rats
47 creatures vanquished.

Grand Total: 54 creatures vanquished

Notes
Turn   | Place    | Note
-------+----------+-------------------------------------------
     0 | D:1      | Gildeon the Gnoll Summoner began the quest for the Orb.
     0 | D:1      | Reached XP level 1. HP: 13/13 MP: 6/6
   303 | D:1      | Reached XP level 2. HP: 19/19 MP: 4/7
   307 | D:1      | Learned a level 2 spell: Call Imp
   940 | D:2      | Found an iron altar of Okawaru.
  1227 | D:2      | Found a white marble altar of Elyvilon.
  1256 | D:2      | Reached skill level 5 in Spellcasting
  1256 | D:2      | Reached XP level 3. HP: 23/25 MP: 5/9
  1301 | D:2      | Became a worshipper of Elyvilon the Healer
  1451 | D:2      | Noticed a bullfrog
  1563 | D:2      | Learned a level 3 spell: Call Canine Familiar
  1567 | D:2      | Learned a level 3 spell: Summon Guardian Golem
  1809 | D:2      | Reached skill level 1 in Invocations
  1967 | D:2      | Killed a bullfrog
  1967 | D:2      | Reached skill level 1 in Fighting
  1967 | D:2      | Reached skill level 1 in Short Blades
  1967 | D:2      | Reached skill level 1 in Long Blades
  1967 | D:2      | Reached skill level 1 in Axes
  1967 | D:2      | Reached skill level 1 in Maces & Flails
  1967 | D:2      | Reached skill level 1 in Polearms
  1967 | D:2      | Reached skill level 1 in Staves
  1967 | D:2      | Reached skill level 1 in Slings
  1967 | D:2      | Reached skill level 1 in Bows
  1967 | D:2      | Reached skill level 1 in Crossbows
  1967 | D:2      | Reached skill level 1 in Throwing
  1967 | D:2      | Reached skill level 1 in Armour
  1967 | D:2      | Reached skill level 1 in Shields
  1967 | D:2      | Reached skill level 1 in Unarmed Combat
  1967 | D:2      | Reached skill level 1 in Evocations
  1967 | D:2      | Reached XP level 4. HP: 32/32 MP: 8/11
  1974 | D:2      | Learned a level 4 spell: Summon Ice Beast
  2148 | D:3      | Reached * piety under Elyvilon
  2843 | D:3      | Found an opulent altar of Gozag.
  2953 | D:4      | Reached ** piety under Elyvilon
  2974 | D:4      | Noticed an ogre
  2988 | D:4      | Killed an ogre
  2988 | D:4      | Reached skill level 1 in Conjurations
  2988 | D:4      | Reached skill level 1 in Hexes
  2988 | D:4      | Reached skill level 1 in Charms
  2988 | D:4      | Reached skill level 1 in Necromancy
  2988 | D:4      | Reached skill level 1 in Translocations
  2988 | D:4      | Reached skill level 1 in Transmutations
  2988 | D:4      | Reached skill level 1 in Fire Magic
  2988 | D:4      | Reached skill level 1 in Ice Magic
  2988 | D:4      | Reached skill level 1 in Air Magic
  2988 | D:4      | Reached skill level 1 in Earth Magic
  2988 | D:4      | Reached skill level 1 in Poison Magic
  2988 | D:4      | Reached XP level 5. HP: 37/37 MP: 3/12
  3015 | D:4      | Slain by Sigmund

Skill      XL: |  1  2  3  4 |
---------------+-------------+-----
Spellcasting   | 5 |  5.2
Invocations    | 1 |  1.6
Fighting       | 1 |  1.4
Short Blades   | 1 |  1.4
Long Blades    | 1 |  1.4
Axes           | 1 |  1.4
Maces & Flails | 1 |  1.4
Polearms       | 1 |  1.4
Staves         | 1 |  1.4
Slings         | 1 |  1.4
Bows           | 1 |  1.4
Crossbows      | 1 |  1.4
Throwing       | 1 |  1.4
Armour         | 1 |  1.4
Shields        | 1 |  1.4
Unarmed Combat | 1 |  1.4
Evocations     | 1 |  1.4
Conjurations   | 1 |  1.1
Hexes          | 1 |  1.1
Charms         | 1 |  1.1
Necromancy     | 1 |  1.1
Translocations | 1 |  1.1
Transmutations | 1 |  1.1
Fire Magic     | 1 |  1.1
Ice Magic      | 1 |  1.1
Air Magic      | 1 |  1.1
Earth Magic    | 1 |  1.1
Poison Magic   | 1 |  1.1
Dodging        | |  4.7
Stealth        | |  4.4
Summonings     | |  7.2

Action                   |  1- 3 |  4- 6 || total
-------------------------+-------+-------++-------
Melee: Spear             |    27 |     9 ||    36
       Club              |     3 |       ||     3
       Bite              |     2 |       ||     2
 Fire: Blowgun           |       |     4 ||     4
 Cast: Summon Small Mamm |    71 |    34 ||   105
       Call Imp          |     3 |       ||     3
       Call Canine Famil |     1 |     1 ||     2
       Summon Guardian G |     1 |     1 ||     2
  Use: Scroll            |     2 |     1 ||     3
  Eat: Chunk             |     3 |     2 ||     5
       Ration            |       |     1 ||     1
Armor: Robe              |     4 |     1 ||     5
Dodge: Dodged            |    16 |     7 ||    23
